 Dungeon Crawl Stone Soup version 0.27-a0-1332-g84bddb5ca7 (webtiles) character file.

Game seed: 4494592183309075289

83 pyrow613 the Skirmisher (level 4, -1/38 HPs)
             Began as a Demigod Fighter on June 25, 2021.
             Slain by Crazy Yiuf (3 damage)
             ... on level 2 of the Dungeon.
             The game lasted 00:04:45 (2108 turns).

pyrow613 the Skirmisher (Demigod Fighter)           Turns: 2108, Time: 00:04:45

Health: -1/38      AC:  6    Str: 21    XL:     4   Next: 2%
Magic:  6/6        EV:  7    Int: 10    God:
Gold:   64         SH:  9    Dex: 13    Spells: 3/3 levels left

rFire    . . .     SeeInvis .   p - +2 whip (pain)
rCold    . . .     Faith    .   c - +0 kite shield
rNeg     . . .     Spirit   .   b - +0 scale mail
rPois    .         Reflect  .   (no helmet)
rElec    .         Harm     .   f - scarf {shadows}
rCorr    .         Rampage  .   (no gloves)
Will     .....                  (no boots)
Stlth    ..........             (no amulet)
HPRegen  0.12/turn              (no ring)
MPRegen  0.10/turn              (no ring)

@: lethally poisoned (-1 -> -4)
A: high mp 1, forlorn
a: no special abilities


You were on level 2 of the Dungeon.
You visited 1 branch of the dungeon, and saw 2 of its levels.

You collected 64 gold pieces.

Inventory:

Hand Weapons
 a - a +0 war axe
 p - a +2 whip of pain (weapon)
Armour
 b - a +0 scale mail (worn)
 c - a +0 kite shield (worn)
 f - a scarf of shadows (worn)
Scrolls
 g - 2 scrolls of immolation {unknown}
 k - 2 scrolls of magic mapping {unknown}
 m - a scroll of fear {unknown}
 n - a scroll of vulnerability {unknown}
Potions
 d - a potion of might
 e - a potion of brilliance {unknown}
 h - a potion of cancellation {unknown}
 i - 2 potions of mutation {unknown}
 j - a potion of magic {unknown}
 l - a potion of attraction {unknown}
 o - a potion of curing {unknown}


   Skills:
 * Level 3.3 Fighting
 * Level 2.5 Axes
 + Level 3.2 Armour
 + Level 3.2 Shields


You had 3 spell levels left.
You didn't know any spells.
Your spell library contained the following spells:

 Spells                   Type           Power      Damage    Failure   Level
 Confusing Touch          Hex            0%         N/A       100%        3
 Gell's Gravitas          Tloc           0%         N/A       100%        3
 Petrify                  Tmut/Erth      0%         N/A       100%        4
 Metabolic Englaciation   Hex/Ice        0%         N/A       100%        5
 Yara's Violent Unravell  Hex/Tmut       0%         3d3       100%        5


Dungeon Overview and Level Annotations

Branches:
Dungeon (2/15)

Annotations:
D:2 Crazy Yiuf


Innate Abilities, Weirdness & Mutations

Your attributes grow dramatically as you level up.
You have an increased reservoir of magic. (+10% MP)
You shall have no god before yourself.


Message History

Found a rapier.
k - 2 scrolls labelled SIXOSI ZUZXIOL (gained 1)
You see here a +0 rapier.
Found three maces and a runed mace.
Found a mace.
You see here a +0 mace.
You see here a +0 mace of protection.
Found a runed translucent door.
No target in view!
Crazy Yiuf shouts!
Found a mace.
Crazy Yiuf says, "Crazy?
Crazy!?
PORCUPINE!"
You open the door. You hit Crazy Yiuf but do no damage.
You block Crazy Yiuf's attack.
You hit Crazy Yiuf.
Crazy Yiuf is moderately wounded.
Crazy Yiuf grits, "Flower!
Fire noodlescoop fast."
Crazy Yiuf hits you with a +3 quarterstaff of chaos!
You are poisoned.
You whack Crazy Yiuf!
Crazy Yiuf is heavily wounded.
You feel very sick. You block Crazy Yiuf's attack.
Crazy Yiuf hits you with a +3 quarterstaff of chaos!
You are electrocuted!
* * * LOW HITPOINT WARNING * * *
You barely miss Crazy Yiuf.
Crazy Yiuf is heavily wounded.
* * * LOW HITPOINT WARNING * * *
You feel sick. You block Crazy Yiuf's attack.
You hit Crazy Yiuf.
Crazy Yiuf is severely wounded.
* * * LOW HITPOINT WARNING * * *
You feel sick. Crazy Yiuf barely misses you.
You closely miss Crazy Yiuf.
Crazy Yiuf is severely wounded.
* * * LOW HITPOINT WARNING * * *
You feel sick.
Crazy Yiuf hits you with a +3 quarterstaff of chaos.
You die...

#.###))..#
###
#†#.#..#.
#. #))).#
#.###.#..
## ♣....♣
#...###.#
♣...♣♣
##..).###
♣♣.♣♣
#..#....#
♣.♣♣
###.##.##..
♣♣.♣
#.#)#..#..#
♣.♣♣
#.#########
♣♣@♣
##...#.#>#
#g#
#....#.#.#
...
####.#.#.#
#...#
#.#.#.#
#..)#
#.....#
#####
##.#.#.#
#......#
#..#.#.###
#.........


You could see Crazy Yiuf.

Vanquished Creatures
  Robin (D:2)
  3 dart slugs
  6 bats
  11 endoplasms
  A giant cockroach (D:2)
  7 goblins
  6 hobgoblins
  A jackal (D:2)
  4 kobolds
  3 quokkas (D:1)
  7 ball pythons
  4 frilled lizards
  6 rats
60 creatures vanquished.

Notes
Turn   | Place    | Note
-------+----------+-------------------------------------------
     0 | D:1      | pyrow613 the Demigod Fighter began the quest for the Orb.
     0 | D:1      | Reached XP level 1. HP: 18/18 MP: 3/3
   222 | D:1      | Reached XP level 2. HP: 23/25 MP: 4/4
   937 | D:2      | Reached XP level 3. HP: 29/31 MP: 5/5
  1876 | D:2      | Noticed Robin
  1887 | D:2      | Killed Robin
  1941 | D:2      | Reached XP level 4. HP: 26/38 MP: 6/6
  2098 | D:2      | Found a runed translucent door.
  2099 | D:2      | Noticed Crazy Yiuf
  2108 | D:2      | Slain by Crazy Yiuf

Illustrated notes

Levels and vault maps discovered:
D:1:      minmay_arrival_checkered_box, layout_basic
D:2:      minmay_razor_zed, layout_loops_ring, uniq_robin,
          uniq_crazy_yiuf_cottage

Skill      XL: |  1  2 |
---------------+-------+-----
Fighting       | 3 |  3.3
Axes           | 2 |  2.5
Shields        | 3 |  3.2
Armour         | 3 |  3.2

Action                   |  1- 3 |  4- 6 || total
-------------------------+-------+-------++-------
Melee: War axe           |   129 |       ||   129
       Whip              |    13 |    11 ||    24
Armor: Scale mail        |    66 |       ||    66
Dodge: Dodged            |    45 |     3 ||    48
Block: Kite shield       |    79 |     6 ||    85

Table legend: (Time is in decaauts)
 A = Elapsed time spent in this place.
 B = Non-inter-level travel time spent in this place.
 C = Inter-level travel time spent in this place.
 D = Time resting spent in this place.
 E = Time spent auto-exploring this place.
 F = Levels seen in this place.
 G = Mean time per level.
                   A        B        C        D        E       F      G
               +--------+--------+--------+--------+--------+-----+--------+
         Total |   2195 |   2191 |      4 |    121 |   1674 |   2 | 1097.5 |
       Dungeon |   2195 |   2191 |      4 |    121 |   1674 |   2 | 1097.5 |
               +--------+--------+--------+--------+--------+-----+--------+

Top non-repeatable levels by time:
     D:2: 1344 daAuts
     D:1: 851 daAuts
